 Seeded DCSS version 0.28-a0-804-g60983d4ba9 (webtiles) character file.

Game seed: 20211107 (custom seed)

11258 a11behringer the Severer (level 11, -3/95 HPs)
             Began as a Minotaur Berserker on Nov 8, 2021.
             Was a High Priest of Trog.
             Killed from afar by an ice statue (21 damage)
             ... with a shard of ice
             ... in an ice cave.
             The game lasted 00:37:55 (10213 turns).

a11behringer the Severer (Minotaur Berserker)      Turns: 10213, Time: 00:37:56

Health: -3/95      AC: 26    Str: 23    XL:     11   Next: 46%
Magic:  10/10      EV:  8    Int:  4    God:    Trog [*****.]
Gold:   485        SH:  0    Dex: 12    Spells: 10/10 levels left

rFire   . . .      SeeInvis .   q - +2 war axe (flame)
rCold   . . .      Faith    .   (no shield)
rNeg    . . .      Spirit   .   e - +1 plate armour
rPois   .          Reflect  .   w - +2 hat
rElec   .          Harm     .   K - +2 cloak
rCorr   .          Rampage  .   h - +0 pair of gloves
Will    .....                   I - +0 pair of boots
Stlth   ..........              (no amulet)
HPRegen 0.25/turn               (no ring)
MPRegen 0.12/turn               (no ring)

@: on berserk cooldown, slowed, studying Armour, very slow
A: horns 2, retaliatory headbutt
a: Renounce Religion, Berserk, Trog's Hand, Brothers in Arms


You were in an ice cave.
You worshipped Trog.
Trog was extremely pleased with you.
You visited 2 branches of the dungeon, and saw 12 of its levels.
You also visited: Sewer and Ice Cave.

You collected 485 gold pieces.

Inventory:

Hand Weapons
 k - a +0 hunting sling
 q - a +2 war axe of flaming (weapon)
 M - the +8 whip "Snakebite" {venom, curare, rPois}
   (You found it on level 1 of the Lair of Beasts)

   It poisons the flesh of those it strikes.
   It occasionally inflicts asphyxiating poison on those it strikes, dealing
   poison damage and causing slowness.
   rPois:     It protects you from poison.
 N - a +1 vorpal shortbow
Missiles
 f - 275 arrows
 l - 41 poisoned darts (quivered)
 m - 5 boomerangs
 n - 10 curare-tipped darts
 o - 2 throwing nets
 r - 121 bolts
 t - 5 silver javelins
Armour
 e - a +1 plate armour (worn)
 h - a +0 pair of gloves (worn)
 w - a +2 hat (worn)
 C - a scarf of repulsion
 I - a +0 pair of boots (worn)
 K - a +2 cloak (worn)
Jewellery
 J - a +6 ring of intelligence
Wands
 b - a wand of digging (4)
 s - a wand of polymorph (18)
 u - a wand of flame (82)
 z - a wand of mindburst (15)
 B - a wand of acid (14)
 D - a wand of charming (7)
 O - a wand of iceblast (10)
Scrolls
 a - 2 scrolls of fear
 d - 3 scrolls of teleportation
 j - 2 scrolls of fog
 p - 5 scrolls of identify
 v - a scroll of enchant armour
 y - a scroll of holy word
 G - a scroll of vulnerability
 H - a scroll of enchant weapon
Potions
 c - 2 potions of invisibility
 g - a potion of berserk rage
 i - 3 potions of curing
 x - 2 potions of heal wounds
 A - 2 potions of brilliance
 E - a potion of mutation
 F - 2 potions of flight
 L - a potion of might {unknown}
 P - a potion of lignification {unknown}


   Skills:
 + Level 8.8 Fighting
 * Level 16.6 Axes
 * Level 14.9 Armour
 + Level 3.1 Dodging


You had 10 spell levels left.
You didn't know any spells.
Your spell library was empty.

Dungeon Overview and Level Annotations

Branches:
Dungeon (11/15)            Temple (0/1) D:5            Lair (1/6) D:9
  Sewer (visited)           IceCv (1/1)
    Orc: D:9-12

Altars:
Elyvilon
Gozag
Hepliaklqana
Kikubaaqudgha
Makhleb
Nemelex Xobeh
Okawaru
Qazlal
Ru
Trog
Uskayaw
Xom
Yredelemnul
The Shining One

Annotations:
IceCv exclusion: 2 ice statues


Innate Abilities, Weirdness & Mutations

You have a pair of horns on your head.
You reflexively headbutt those who attack you in melee.


Message History

You headbutt the ice beast!
The ice beast is heavily wounded.
You hit the ice beast.
You melt the ice beast.
You hit the elephant simulacrum but do no damage.
You are engulfed in freezing vapours.
Your skin stops crawling.
You feel less strong-willed.
The ice statue gestures.
The ice beast hits you. The ice beast freezes you!
The elephant simulacrum tramples you but does no damage.
The elephant simulacrum trunk-slaps you but does no damage.
The ice beast barely misses you.
Your troll goes berserk!
You are engulfed in freezing vapours.
* * * LOW HITPOINT WARNING * * *
Your two-headed ogre is engulfed in freezing vapours. x2
Your two-headed ogre hits the ice beast with a +0 giant spiked club!
The ice beast dies!
The ice beast disappears in a puff of smoke!
The ice beast hits you but does no damage.
The elephant simulacrum tramples you!
* * * LOW HITPOINT WARNING * * *
You stumble backwards!
The ice statue gestures at you. The bolt of cold hits your troll!!
The bolt of cold hits your two-headed ogre!!
The bolt of cold hits you!!
* * * LOW HITPOINT WARNING * * *
Unknown command.
You feel much better.
You are engulfed in freezing vapours.
* * * LOW HITPOINT WARNING * * *
Your two-headed ogre is engulfed in freezing vapours.
Your two-headed ogre hits the ice beast with a +0 giant spiked club!!
Your two-headed ogre hits the ice beast with a +0 dire flail!
The ice beast dies!
The ice beast disappears in a puff of smoke!
The ice beast barely misses your two-headed ogre.
Your two-headed ogre is engulfed in freezing vapours.
The ice statue gestures at you. The shard of ice hits you!!
You die...

############# ####
##.....#$$)..## ##...
##.Y°@°.#=.....###....
#..°°°Z.#.......#.....
.Z8...O°Y.....†......∩..
.Z#.......#.......#.....
. ##.T....#?.....###....
##8....#)([..## ##...
############# ####


You could see 2 ice statues, 2 ice beasts, an elephant simulacrum, 2 entropy
weaver simulacra, a friendly two-headed ogre (summoned, berserk) and a friendly
troll (summoned, berserk).

Vanquished Creatures
  A cyclops (D:10)
  Maurice (D:9)
  3 black mambas (Lair:1)
  A cane toad (Lair:1)
  Maggie (D:9)
  A komodo dragon (D:11)
  2 trolls
  Prince Ribbit (D:5)
  A wraith (D:9)
  5 yaks (D:5)
  Sigmund (D:2)
  3 wyverns
  2 humans (D:9)
  A steam dragon (D:8)
  4 vampire mosquitoes (D:8)
  An acid dragon (D:10)
  Menkaure (D:4)
  10 water moccasins
  Duvessa (D:5)
  An orc warrior (D:10)
  2 ice beasts
  3 ogres
  8 centaurs
  2 kobold brigands
  6 bullfrogs
  A scorpion (D:4)
  A gnoll sergeant (D:10)
  2 cane toad simulacra (IceCv)
  A wyvern zombie (D:7)
  A wyvern skeleton (D:7)
  Dowan (D:5)
  2 water moccasin skeletons
  An elephant simulacrum (IceCv)
  5 killer bees (D:10)
  3 wights (D:7)
  A howler monkey (D:6)
  2 centaur zombies
  A bullfrog zombie (D:6)
  A hound (D:7)
  An orc priest (D:3)
  A bullfrog skeleton (D:6)
  A scorpion zombie (D:4)
  Ijyb (D:5)
  4 iguanas
  2 orc wizards
  A polar bear simulacrum (IceCv)
  2 wolf simulacra (IceCv)
  A howler monkey zombie (D:10)
  9 gnolls
  21 adders
  A river rat (D:5)
  2 shadow imps
  A white imp (D:7)
  2 worms
  3 dart slugs
  10 orcs
  19 endoplasms
  7 giant cockroaches
  5 hobgoblins
  6 jackals (D:1)
  16 quokkas
  13 ball pythons
  5 bats
  10 frilled lizards
  3 goblins
  19 kobolds
  7 rats
259 creatures vanquished.

Vanquished Creatures (collateral kills)
  An ugly thing (IceCv)
  An ice statue (IceCv)
  A kobold (D:7)
3 creatures vanquished.

Grand Total: 262 creatures vanquished

Notes
Turn   | Place    | Note
-------+----------+-------------------------------------------
     0 | D:1      | a11behringer the Minotaur Berserker began the quest for the
                  | Orb.
     0 | D:1      | Reached XP level 1. HP: 19/19 MP: 0/0
    36 | D:1      | Reached skill level 4 in Axes
   329 | D:2      | Reached XP level 2. HP: 15/27 MP: 1/1
   669 | D:1      | You fall into a shaft and drop 1 floor!
   725 | D:1      | Reached XP level 3. HP: 31/33 MP: 2/2
   926 | D:2      | Noticed Sigmund
   934 | D:2      | Killed Sigmund
   935 | D:2      | Reached skill level 6 in Axes
   935 | D:2      | Reached XP level 4. HP: 41/41 MP: 3/3
   935 | D:2      | Reached XP level 5. HP: 47/47 MP: 4/4
  1193 | D:2      | Found a sparkling altar of Nemelex Xobeh.
  1416 | D:3      | Reached ** piety under Trog
  1660 | D:3      | Reached skill level 5 in Fighting
  1660 | D:3      | Reached XP level 6. HP: 56/56 MP: 5/5
  1703 | D:3      | Found a sacrificial altar of Ru.
  1771 | D:3      | Noticed an ice beast
  1783 | D:3      | Killed an ice beast
  1784 | D:3      | Reached skill level 7 in Axes
  2642 | D:4      | Noticed a +0 dagger
  2642 | D:4      | Noticed a +0 hand axe
  2645 | D:4      | Found a hide-covered altar of Uskayaw.
  2690 | D:4      | Reached XP level 7. HP: 56/61 MP: 6/6
  2774 | D:4      | Noticed Menkaure
  2778 | D:4      | Reached skill level 8 in Axes
  2790 | D:4      | Killed Menkaure
  3052 | D:4      | Found a sparkling altar of Nemelex Xobeh.
  3166 | D:4      | Reached *** piety under Trog
  3430 | D:4      | You fall into a shaft and drop 2 floors!
  3457 | D:6      | Reached skill level 9 in Axes
  3530 | D:6      | Reached XP level 8. HP: 50/70 MP: 7/7
  3538 | D:6      | Reached skill level 5 in Armour
  3547 | D:6      | Reached skill level 10 in Axes
  3589 | D:5      | Entered Level 5 of the Dungeon
  3602 | D:5      | Noticed Prince Ribbit
  3626 | D:5      | Killed Prince Ribbit
  3658 | D:5      | Noticed Ijyb
  3667 | D:5      | Killed Ijyb
  3670 | D:5      | Found a white marble altar of Elyvilon.
  3701 | D:5      | Found a staircase to the Ecumenical Temple.
  3731 | D:5      | Noticed Dowan
  3732 | D:5      | Noticed Duvessa
  3734 | D:5      | Noticed a troll
  3740 | D:5      | Reached skill level 11 in Axes
  3743 | D:5      | Killed Dowan
  3746 | D:5      | Killed Duvessa
  3749 | D:5      | Reached XP level 9. HP: 78/78 MP: 8/8
  3754 | D:5      | Reached skill level 12 in Axes
  3760 | D:5      | Killed a troll
  4101 | D:5      | Found a bloodstained altar of Trog.
  4278 | D:5      | Found a glowing drain.
  4291 | Sewer    | Entered a sewer
  4410 | Sewer    | Reached **** piety under Trog
  4494 | Sewer    | Reached skill level 13 in Axes
  4554 | D:5      | Found an opulent altar of Gozag.
  4932 | D:6      | Found a shimmering altar of Xom.
  5379 | D:7      | Found an ancient bone altar of Kikubaaqudgha.
  5531 | D:7      | Identified a scroll of acquirement
  5531 | D:7      | Acquired a manual of Armour
  5610 | D:7      | Reached ***** piety under Trog
  5627 | D:7      | Found a basalt altar of Yredelemnul.
  5632 | D:7      | Found a glowing golden altar of the Shining One.
  6056 | D:7      | Reached skill level 14 in Axes
  6148 | D:7      | Noticed an angel
  6263 | D:8      | Found a burning altar of Makhleb.
  6352 | D:8      | Reached XP level 10. HP: 86/86 MP: 9/9
  6622 | D:8      | Found a hazy altar of Hepliaklqana.
  7015 | D:9      | Found an iron altar of Okawaru.
  7029 | D:9      | Reached skill level 10 in Armour
  7152 | D:9      | Found a stormy altar of Qazlal.
  7286 | D:9      | Noticed Maurice
  7300 | D:9      | Killed Maurice
  7392 | D:9      | Found a staircase to the Lair.
  7925 | Lair:1   | Entered Level 1 of the Lair of Beasts
  7962 | Lair:1   | Noticed a cane toad
  7972 | Lair:1   | Killed a cane toad
  7973 | Lair:1   | Reached skill level 15 in Axes
  8502 | Lair:1   | Noticed a black mamba
  8510 | Lair:1   | Killed a black mamba
  8525 | Lair:1   | Noticed a black mamba
  8534 | Lair:1   | Killed a black mamba
  8544 | Lair:1   | Noticed a black mamba
  8549 | Lair:1   | Killed a black mamba
  8567 | Lair:1   | Reached XP level 11. HP: 53/94 MP: 10/10
  8748 | Lair:1   | Found the +8 whip "Snakebite" {venom, curare, rPois}
  8958 | D:9      | Noticed Maggie
  8971 | D:9      | Killed Maggie
  9218 | D:10     | Entered Level 10 of the Dungeon
  9308 | D:10     | Reached skill level 16 in Axes
 10171 | D:11     | Found a frozen archway.
 10178 | IceCv    | Entered an ice cave
 10191 | IceCv    | Noticed a white ugly thing
 10201 | IceCv    | Killed a white ugly thing
 10212 | IceCv    | HP: 3/95 [ice statue/bolt of cold (18)]
 10213 | IceCv    | Killed from afar by an ice statue

Illustrated notes

Levels and vault maps discovered:
D:1:      minmay_arrival_up_and_down, layout_rooms,
          chequers_hall_statues_corner_a
D:2:      layout_rooms, basic_altar, minmay_misc_feat_rows,
          chequers_serial_rivers_micro_c, uniq_sigmund
D:3:      minmay_diamond_boxcup, layout_basic, nicolae_ru_awakened_eye,
          grunt_ministairs_15
D:4:      layout_loops_ring, dancing_weapons_uskayaw, lemuel_tele_altar,
          uniq_menkaure
D:5:      layout_rooms, nicolae_gozag_seed_capital, old_standard_altar,
          elyvilon_altar_1, minmay_temple_entry_large_hall,
          cheibrodos_sewer_entry_sluice, uniq_duvessa, uniq_ijyb,
          uniq_prince_ribbit1
D:6:      layout_cave_pools, nicolae_overflow_hidden_temple
D:7:      layout_rooms, grunt_temple_overflow_holy_war, kiku_gazebo_pond_becter
D:8:      layout_loops_ring, kennysheep_mini_moat, mainiacjoe_overflow_boulevard
D:9:      lemuel_flame_loot_2, layout_long_grid, okawaru_humans,
          mainiacjoe_overflow_paths, dpeg_oklobed_lair, uniq_maggie,
          uniq_maurice
D:10:     layout_roguey, hangedman_abyss_or_decor_stagger
D:11:     layout_basic, portal_ice_cave_entry_pillars_2
Lair:1:   minmay_guarded_unrand_snakebite, layout_gridlike, grunt_megastairs_2
IceCv:    ice_cave_statue_garden_chambered

Skill      XL: |  1  2  3  4  5  6  7  8  9 10 11 |
---------------+----------------------------------+-----
Axes           | 4 6 7 9 11 14 15 16 | 16.6
Fighting       | 4 5 6 7 8 |  8.8
Armour         | 3 4 6 9 13 14 | 14.9
Dodging        | 3 |  3.1

Action                   |  1- 3 |  4- 6 |  7- 9 | 10-12 || total
-------------------------+-------+-------+-------+-------++-------
Melee: Hand axe          |    45 |    73 |       |       ||   118
       Headbutt          |     5 |    11 |    47 |    43 ||   106
       War axe           |       |    14 |   298 |   249 ||   561
Invok: Berserk           |     1 |     2 |     4 |     2 ||     9
       Trog's Hand       |       |     2 |     4 |     3 ||     9
       Brothers in Arms  |       |       |       |     2 ||     2
  Use: Scroll            |     3 |     5 |    12 |     3 ||    23
       Potion            |       |       |     3 |     1 ||     4
Armor: Animal skin       |     5 |       |       |       ||     5
       Plate armour      |    13 |    47 |   170 |   211 ||   441
Dodge: Dodged            |    23 |    42 |    99 |    96 ||   260

Table legend: (Time is in decaauts)
 A = Elapsed time spent in this place.
 B = Non-inter-level travel time spent in this place.
 C = Inter-level travel time spent in this place.
 D = Time resting spent in this place.
 E = Time spent auto-exploring this place.
 F = Levels seen in this place.
 G = Mean time per level.
                   A        B        C        D        E       F      G
               +--------+--------+--------+--------+--------+-----+--------+
         Total |  10230 |   7899 |   2331 |      0 |   6301 |  14 |  730.7 |
       Dungeon |   8927 |   6823 |   2104 |      0 |   5667 |  11 |  811.5 |
          Lair |    974 |    748 |    226 |      0 |    627 |   1 |  974.0 |
         Sewer |    291 |    291 |      0 |      0 |      7 |   1 |  291.0 |
      Ice Cave |     38 |     38 |      0 |      0 |      0 |   1 |   38.0 |
               +--------+--------+--------+--------+--------+-----+--------+

Top non-repeatable levels by time:
     D:9: 1261 daAuts
     D:3: 1162 daAuts
     D:7: 1017 daAuts
     D:5: 988 daAuts
  Lair:1: 974 daAuts
     D:4: 889 daAuts
    D:10: 846 daAuts
     D:1: 826 daAuts
     D:8: 740 daAuts
     D:2: 589 daAuts
     D:6: 545 daAuts
   Sewer: 291 daAuts
    D:11: 58 daAuts
   IceCv: 38 daAuts
